 Dungeon Crawl Stone Soup version 0.20.1 (webtiles) character file.

291 KleinerIrrer the Insei (level 6, -1/39 HPs)
             Began as an Octopode Transmuter on July 2, 2017.
             Slain by Sigmund
             ... wielding a +0 scythe
              (15 damage)
             ... on level 4 of the Dungeon.
             The game lasted 00:09:11 (3177 turns).

KleinerIrrer the Insei (Octopode Transmuter)        Turns: 3177, Time: 00:09:11

Health: -1/39      AC:  1    Str: 10    XL:     6   Next: 32%
Magic:  3/10       EV: 14    Int: 16    God:
Gold:   109        SH:  0    Dex: 13    Spells: 4/11 levels left

rFire    . . .     SeeInvis .   o - -2 short sword (curse)
rCold    . . .     Gourm    .   (no shield)
rNeg     . . .     Faith    .   (helmet restricted)
rPois    .         Spirit   .   (no amulet)
rElec    .         Reflect  .   (no ring)
rCorr    .         Harm     .   (no ring)
MR       .....                  (no ring)
Stlth    +++.......             (no ring)
Regen    0.2/turn               (no ring)
MPRegen  0.2/turn               (no ring)
                                (no ring)
                                (no ring)

@: no status effects
A: almost no armour, stealthy swim, amphibious, 8 rings, constrict 8, camouflage
1, gelatinous body 1
a: no special abilities


You were on level 4 of the Dungeon.
You were hungry.

You visited 1 branch of the dungeon, and saw 4 of its levels.

You collected 109 gold pieces.

Inventory:

Hand Weapons
 e - a +0 falchion of flaming
 l - a +2 hand axe of draining
 o - a cursed -2 short sword (weapon)
 p - a +1 dagger of protection
Missiles
 a - 16 arrows
Jewellery
 k - an uncursed amulet of harm {unknown}
Scrolls
 i - 2 scrolls of identify
Potions
 d - 3 potions of curing {unknown}
 h - 2 potions of flight
 n - 2 potions of brilliance {unknown}
Books
 b - a book of Changes

   Spells                             Type                      Level
   a - Beastly Appendage              Transmutation                1
   b - Sticks to Snakes               Transmutation                2
   c - Spider Form                    Transmutation/Poison         3
   d - Ice Form                       Ice/Transmutation            4
   e - Blade Hands                    Transmutation                5
Comestibles
 c - 7 bread rations
 f - 3 meat rations
 g - a royal jelly
 j - a chunk of flesh
 m - 4 fruits


   Skills:
 + Level 2.0 Fighting
 + Level 2.6 Dodging
 - Level 2.4 Stealth
 + Level 4.6 Unarmed Combat
 + Level 3.0 Spellcasting
 * Level 2.9 Transmutations
 * Level 1.2 Ice Magic


You had 4 spell levels left.
You knew the following spells:

 Your Spells              Type           Power        Failure   Level  Hunger
a - Beastly Appendage     Tmut           ##....       5%          1    #......
b - Sticks to Snakes      Tmut           ##......     9%          2    ##.....
c - Ice Form              Ice/Tmut       #.......     63%         4    #####..


Dungeon Overview and Level Annotations

Branches:
Dungeon (4/15)
 Temple: D:4-7

Altars:
Kikubaaqudgha
Makhleb
Nemelex Xobeh
Uskayaw


Innate Abilities, Weirdness & Mutations

You cannot wear most types of armour.
You are very stealthy in the water. (Stealth+)
You are amphibious.
You can wear up to eight rings at the same time.
You can use your tentacles to constrict eight enemies at once.
Your skin changes colour to match your surroundings (Stealth+).
Your rubbery body absorbs attacks. (AC +1, EV +1)


Message History

Your adder poisons the orc priest!
You hit the orc priest. You squeeze the orc priest.
You kill the orc priest!
Your Fighting skill increases to level 2!
Your Spellcasting skill increases to level 3!
Something barely misses you.
A puff of flame appears from out of thin air!
The puff of flame hits something.
You barely miss something. Something hits you.
A puff of flame appears from out of thin air!
The puff of flame hits something.
Reactivating autopickup.
Found 29 stones.
Found a stone staircase leading up.
Things that are here:
a dagger of protection; a robe; a short sword
p - a dagger of protection Something hits you.
Deactivating autopickup; reactivate with Ctrl-A.
You start resting.
Something hits you!
You die...

.# . $ .
##.
#.#..
#.#.#
#[#.#
#...#
#S<#
#S@#
#...#
(.....#
#.##...#
# ...##
...#
....
....<


You could see a friendly adder and a friendly ball python.

Vanquished Creatures
  2 orc priests (D:4)
  Jessica (D:2)
  3 gnolls (D:2)
  6 adders
  A worm (D:3)
  4 dart slugs
  2 leopard geckos
  5 orcs
  3 ball pythons
  3 giant cockroaches (D:3)
  11 goblins
  9 hobgoblins
  3 jackals (D:2)
  4 kobolds
  A quokka (D:3)
  6 bats
  4 frilled lizards
  7 rats
75 creatures vanquished.

Vanquished Creatures (collateral kills)
  A centaur skeleton (D:4)
  An orc wizard (D:3)
  2 orcs (D:3)
  A frilled lizard (D:3)
5 creatures vanquished.

Vanquished Creatures (others)
  An orc wizard (D:4)
1 creature vanquished.

Grand Total: 81 creatures vanquished

Notes
Turn   | Place    | Note
-------+----------+-------------------------------------------
     0 | D:1      | KleinerIrrer the Octopode Transmuter began the quest for the Orb.
     0 | D:1      | Reached XP level 1. HP: 13/13 MP: 3/3
   351 | D:1      | Reached XP level 2. HP: 15/18 MP: 5/5
   908 | D:2      | Noticed Jessica
   919 | D:2      | Found an ancient bone altar of Kikubaaqudgha.
   923 | D:2      | Killed Jessica
   923 | D:2      | Reached XP level 3. HP: 23/23 MP: 6/6
   933 | D:2      | Reached skill level 1 in Stealth
   933 | D:2      | Reached XP level 4. HP: 28/28 MP: 7/7
   936 | D:2      | Reached skill level 4 in Unarmed Combat
  1114 | D:2      | Found a burning altar of Makhleb.
  1114 | D:2      | Noticed a green death
  1133 | D:2      | Learned a level 2 spell: Sticks to Snakes
  1138 | D:2      | Learned a level 4 spell: Ice Form
  1796 | D:3      | Reached XP level 5. HP: 33/33 MP: 6/9
  3099 | D:3      | Found a hide-covered altar of Uskayaw.
  3099 | D:3      | Found a sparkling altar of Nemelex Xobeh.
  3168 | D:4      | Reached XP level 6. HP: 27/39 MP: 2/10
  3170 | D:4      | Reached skill level 1 in Ice Magic
  3177 | D:4      | Slain by Sigmund

Skill      XL: |  1  2  3  4  5  6 |
---------------+-------------------+-----
Stealth        | 1 2 |  2.4
Unarmed Combat | 4 |  4.6
Ice Magic      | 1 |  1.2
Fighting       | 2 |  2.0
Spellcasting   | 3 |  3.0
Dodging        | |  2.6
Transmutations | |  2.9

Action                   |  1- 3 |  4- 6 || total
-------------------------+-------+-------++-------
Melee: Unarmed           |    39 |    74 ||   113
       Constrict         |    11 |    31 ||    42
       Punch             |     1 |     8 ||     9
       Tentacles         |     4 |    24 ||    28
       Short sword       |       |    41 ||    41
       Hand axe          |       |     8 ||     8
 Cast: Sticks to Snakes  |       |     9 ||     9
       Beastly Appendage |       |     1 ||     1
  Use: Scroll            |       |     4 ||     4
 Stab: Sleeping          |     4 |     9 ||    13
       Distracted        |       |     1 ||     1
  Eat: Chunk             |       |     7 ||     7
Armor: Skin              |     1 |    16 ||    17
Dodge: Dodged            |    20 |    82 ||   102
